[Event "*** MasterClass Titled Tuesday Blitz"]
[Site "Chess.com"]
[Date "2017.12.12"]
[Round "4"]
[White "Kacparov"]
[Black "amaidel"]
[Result "1/2-1/2"]
[WhiteElo "2584"]
[BlackElo "2490"]
[TimeControl "180+2"]
[EndTime "13:51:38 PST"]
[Termination "Game drawn by repetition"]

1. e4 e5 2. Nf3 Nf6 3. Nc3 Bb4 4.
Nxe5 O-O 5. Nd3 Bxc3 6. dxc3 Nxe4 7. Be2 d5 8. O-O c6 9. Bf3 Bf5 10. Re1 Nd7 11. Be3 Re8 12. Nf4 Ne5 13. Be2 h6 14. f3 Nd6 15. b3 Nec4 16. Bxc4 dxc4 17. Bc5 Nb5 18. Rxe8+ Qxe8 19. bxc4 Nxc3 20. Qd2 Na4 21. Bf2 Nb6 22. Qa5 Bxc2 23. Re1 Qd8 24. Qc3 Bf5 25. Nh5 Qg5 26. g4 Rd8 27. h4 Qg6 28. Nf4 Qd6 29. Nh5 Qg6 30. Qe5 Bd7 31. Qc7 Re8 32.
Rxe8+ Bxe8 33. Qxb7 Nxc4 34. Qxa7 Ne5 35. Qe3 Qe6 36. Nf4 Qd6 37. Kg2 c5 38. Qxc5 Qxc5 39. Bxc5 Bc6 40. Kg3 Nxf3 41. h5 Ne5 42. Bd4 Nc4 43.
Nd3 f6 44. Nc5 Kf7 45. a4 Na5 46. Bc3 Nb7 47. Nxb7 Bxb7 48. a5 Ke6 49. Kf4 Bc8 50.
Bb4 Kf7 51. Bc5 Kg8 52. Bb4 Kf7 53. Bc5 Kg8 54. Kf3 Kf7 55. Bb4 Kg8 56. Bc5 Kf7 57.
Bb4 Kg8 58. Kf4 Kf7 59. Bc5 Kg8 60. Bb4 Kf7 61. Bc5 Kg8 62. Bb4 Kf7 1/2-1/2

[Event "*** MasterClass Titled Tuesday Blitz"]
[Site "Chess.com"]
[Date "2017.12.12"]
[Round "4"]
[White "calemcc"]
[Black "Swarajan"]
[Result "1-0"]
[WhiteElo "2270"]
[BlackElo "2088"]
[TimeControl "180+2"]
[EndTime "13:51:38 PST"]
[Termination "calemcc won by resignation"]

1. d4 Nf6 2. c4 c5 3. Nf3 cxd4 4. Nxd4 e5 5. Nb5 d5 6. cxd5 Bc5 7. e3 O-O 8. Be2 e4 9. N5c3 Bf5 10. a3 Nbd7 11. b4 Bd6 12. Nd2 Rc8 13. Bb2 Nb6 14.
Qb3 Qe7 15. Rd1 Rfd8 16. Nc4 Nxc4 17. Bxc4 a6 18. b5 axb5 19. Nxb5 Bg4 20. Rd2 Nd7 21.
h3 Bh5 22. Nxd6 Qxd6 23. O-O Qg6 24. d6 Rxc4 25. Qxc4 Bf3 26. g3 Qf5 27. Kh2 Nf8 28. Rd5 Qg6 29. Qc5 Ne6 30. Qb6 Rf8 31. d7 h5 32. d8=Q Nxd8 33. Qxg6 fxg6 34. Rc1 Nc6 35. Rd7 Rf7 36. Rxf7 Kxf7 37. Rb1 Be2 38. Bc3 Ba6 39. Rd1 Bc4 40. Rd7+ Ne7 41. Bb4 1-0

[Event "*** MasterClass Titled Tuesday Blitz"]
[Site "Chess.com"]
[Date "2017.12.12"]
[Round "4"]
[White "daro94"]
[Black "Vincent_Vega95"]
[Result "1-0"]
[WhiteElo "2658"]
[BlackElo "2565"]
[TimeControl "180+2"]
[EndTime "13:51:41 PST"]
[Termination "daro94 won by resignation"]

1. e4 c5 2. Nf3 d6 3. Bb5+ Bd7 4.
Bxd7+ Qxd7 5. O-O Nf6 6. Qe2 Nc6 7. c3 e6 8. d4 cxd4 9. cxd4 d5 10. e5 Ne4 11. Be3 Be7 12. Ne1 f6 13. f3 Ng5 14.
Nd3 O-O 15. Nd2 Nf7 16. f4 f5 17. Nf3 Rac8 18. Bd2 b6 19. h3 Kh8 20. Kh2 Qb7 21.
Nf2 Nb8 22. Rfc1 Qa6 23. Qxa6 Nxa6 24. Nd3 Kg8 25. g4 Nh6 26. Kg3 g6 27. a4 Nf7 28.
b4 Rc4 29. b5 Nb8 30. Nb2 Rcc8 31. Nd3 Rfd8 32. Bb4 Kf8 33. Bxe7+ Kxe7 34. Nb4 Kd7 35. Kh4 h6 36. Kg3 Rxc1 37. Rxc1 Rc8 38. Rxc8 Kxc8 39. Nh4 Nh8 40. Ng2 Kb7 41. gxf5 gxf5 42. Kh4 a5 43. Nc2 Kc7 44. Kh5 Kd7 45. Kxh6 Ke7 46.
Kg7 Nf7 47. Nh4 Nd7 48. Ng6+ Ke8 49. h4 1-0

[Event "*** MasterClass Titled Tuesday Blitz"]
[Site "Chess.com"]
[Date "2017.12.12"]
[Round "4"]
[White "SantoBlue"]
[Black "SharkAnto55"]
[Result "1-0"]
[WhiteElo "2581"]
[BlackElo "2355"]
[TimeControl "180+2"]
[EndTime "13:51:41 PST"]
[Termination "SantoBlue won by resignation"]

1. Nf3 d5 2. g3 Bg4 3. Bg2 Nd7 4. O-O c6 5. c4 e6 6. d4 Ngf6 7. Nc3 Be7 8. Bf4 O-O 9. b3 Qa5 10. Rc1 Ba3 11. Rc2 Bf5 12. e4 Nxe4 13. Nxe4 Bxe4 14. Re2 Rfe8 15. h4 Be7 16. h5 Rad8 17.
h6 g6 18. Rfe1 Bb4 19. Rf1 Bf8 20. Rfe1 Bxf3 21. Bxf3 dxc4 22. bxc4 Nb6 23. Qd3 Qa6 24.
Rc1 Ba3 25. Rcc2 Nd5 26. Bg5 Nb4 27. Qc3 Nxc2 28. d5 e5 29. Bxd8 Nd4 30. Qxd4 Rxd8 31. Qxe5 Bf8 32. Qf6 Rc8 33. Re7 1-0

[Event "*** MasterClass Titled Tuesday Blitz"]
[Site "Chess.com"]
[Date "2017.12.12"]
[Round "4"]
[White "HarutyunianTigranK"]
[Black "Arm-Akiba"]
[Result "0-1"]
[WhiteElo "2610"]
[BlackElo "2701"]
[TimeControl "180+2"]
[EndTime "13:51:42 PST"]
[Termination "Arm-Akiba won by resignation"]

1. c4 e5 2. Nc3 Nc6 3. Nf3 f5 4. d3 Nf6 5. g3 Be7 6. Bg2 O-O 7.
O-O d6 8. Nd5 Nxd5 9. cxd5 Nb8 10. Bd2 Qe8 11. Rc1 Bd8 12. Bg5 e4 13. Bxd8 exf3 14.
Bxc7 fxg2 15. Kxg2 Qg6 16. Qa4 Na6 17. Qa3 Rf6 18.
f4 Bd7 19. Ba5 Re8 20. Rc2 Qh5 21. Rf3 Rh6 22. h4 Qg4 23. Kf2 Qh3 24. Bc3 Qh2+ 25.
Kf1 Rg6 26. Be1 Qh1+ 27. Kf2 Rf6 28. Bc3 Qh2+ 29. Kf1 Qh1+ 30. Kf2 Rg6 31. Be1 h6 32. b4 Rf6 33. Bc3 Rf7 34. b5 Nc5 35. Be5 dxe5 36. Rxc5 exf4 0-1

[Event "*** MasterClass Titled Tuesday Blitz"]
[Site "Chess.com"]
[Date "2017.12.12"]
[Round "4"]
[White "ShimanovAlex"]
[Black "AkshatChandra"]
[Result "1-0"]
[WhiteElo "2661"]
[BlackElo "2718"]
[TimeControl "180+2"]
[EndTime "13:51:43 PST"]
[Termination "ShimanovAlex won by resignation"]

1. d4 Nf6 2. c4 e6 3. Nf3 d5 4. Nc3 Nbd7 5. Bg5 Be7 6. e3 h6 7. Bh4 O-O 8. Qb3 c5 9. Rd1 Qa5 10. cxd5 Nxd5 11. Bxe7 Nxe7 12. Be2 b6 13. O-O Ba6 14. Bxa6 Qxa6 15. Ne4 Rfd8 16. Nd6 Nf6 17. dxc5 bxc5 18. Nc4 Nc6 19. a3 Na5 20. Nxa5 Qxa5 21. Ne5 Qc7 22. Nc4 Nd5 23. Rc1 Nb6 24. g3 Rab8 25.
Rc2 Rd5 26. Rfc1 Nxc4 27. Qxc4 Qe5 28. b3 h5 29. h4 g6 30. Qa4 Kg7 31. Rc3 Rd2 32.
Rxc5 Qf6 33. Rf1 Qb2 34. b4 Rb7 35. Qc6 Rbd7 36. Ra5 R7d3 37. Rxa7 Rxe3 38. fxe3 1-0

[Event "*** MasterClass Titled Tuesday Blitz"]
[Site "Chess.com"]
[Date "2017.12.12"]
[Round "4"]
[White "Scott-fox21"]
[Black "Kawhi_Leonard2"]
[Result "0-1"]
[WhiteElo "2137"]
[BlackElo "2267"]
[TimeControl "180+2"]
[EndTime "13:51:45 PST"]
[Termination "Kawhi_Leonard2 won on time"]

1. d4 Nf6 2. c4 c5 3. d5 e6 4. Nc3 exd5 5. cxd5 d6 6. Nf3 g6 7. Qa4+ Bd7 8. Qb3 b5 9. Nxb5 Bxb5 10. Qxb5+ Nbd7 11. Bg5 Rb8 12. Qa4 Rxb2 13. e4 Rb4 14. Qc2 h6 15.
Bxf6 Qxf6 16. Rb1 Rxb1+ 17. Qxb1 Bg7 18. Be2 Qc3+ 19. Kf1 O-O 20. g3 Rb8 21. Qd1 Rb2 22. Kg2 Rxa2 23. Re1 a5 24. Bb5 Ne5 25. Nxe5 Bxe5 26.
Rf1 Qb4 27. Bd3 a4 28. Qg4 Kg7 29. Rb1 Qd4 30. Qf3 Rd2 31. Rb7 Bf6 32. Bb5 Rb2 33. Qf4 a3 34. e5 Qxe5 35. Qf3 a2 36. Qa3 a1=Q 0-1

[Event "*** MasterClass Titled Tuesday Blitz"]
[Site "Chess.com"]
[Date "2017.12.12"]
[Round "4"]
[White "BilodeauA"]
[Black "Tash_Boy"]
[Result "1-0"]
[WhiteElo "2744"]
[BlackElo "2462"]
[TimeControl "180+2"]
[EndTime "13:52:00 PST"]
[Termination "BilodeauA won by checkmate"]

1. e4 c5 2. Nf3 d6 3. d4 Nf6 4. Nc3 cxd4 5. Nxd4 e5 6. Nb3 Be7 7. Be2 O-O 8. O-O a6 9. Re1 b6 10. Bf3 Bb7 11. a4 Nbd7 12. Nd2 Rc8 13. Nf1 Nc5 14. Ng3 g6 15. Be3 Bc6 16. Qd2 Qd7 17.
b3 Qb7 18. b4 Ncxe4 19. Ncxe4 Nxe4 20. Nxe4 Bxe4 21. Bxe4 Qxe4 22. Bh6 Qxc2 23. Qxc2 Rxc2 24. Bxf8 Kxf8 25. Rec1 Rb2 26. Rcb1 Rxb1+ 27. Rxb1 d5 28. b5 a5 29. Rc1 Bd8 30. Kf1 Ke8 31. Ke2 Kd7 32. Rc6 e4 33. Ke3 Bc7 34. Kd4 Bxh2 35. Kxd5 f5 36. Rxb6 Bg1 37. Rb7+ Ke8 38. Ke6 Kd8 39.
Rd7+ Kc8 40. Rd2 f4 41. Rc2+ Kb7 42. Kd7 g5 43. Rc7+ Kb6 44. Kc8 Bxf2 45. Rc6+ Ka7 46. Ra6# 1-0

[Event "*** MasterClass Titled Tuesday Blitz"]
[Site "Chess.com"]
[Date "2017.12.12"]
[Round "4"]
[White "jefferyx"]
[Black "RobertoJBM"]
[Result "1-0"]
[WhiteElo "2764"]
[BlackElo "2617"]
[TimeControl "180+2"]
[EndTime "13:52:03 PST"]
[Termination "jefferyx won by checkmate"]

1. d4 d5 2. c4 c6 3. Nf3 Nf6 4.
Qb3 dxc4 5. Qxc4 Bf5 6. g3 Nbd7 7. Bg2 e6 8. O-O h6 9. e3 Be7 10. Qe2 O-O 11. Nc3 Ne4 12. Nd2 Nxc3 13. bxc3 Bh7 14.
a4 e5 15. a5 a6 16. Ba3 Bxa3 17. Rxa3 Qc7 18. Nc4 Rfe8 19. Rd1 exd4 20. cxd4 Be4 21. Bxe4 Rxe4 22. Rb3 Re7 23. Qb2 Ra7 24. Rb1 Nf8 25. Qa3 Ne6 26. Nd6 Rd7 27. Nxb7 Rd5 28. Rb6 Rb5 29.
Nd6 Rxb1+ 30. Rxb1 c5 31. dxc5 Nxc5 32. Nxf7 Nb7 33.
Nxh6+ gxh6 34. Rb6 Nd8 35. Rxh6 Rb7 36. Qd3 Qd7 37.
Qxd7 Rxd7 38. Rxa6 Nb7 39. Ra8+ Kf7 40. a6 Nd8 41. a7 Ke7 42. Kg2 Ke8 43. h4 Rh7 44.
h5 Rd7 45. h6 Kf7 46. Rc8 Rxa7 47. Rxd8 Kg6 48. Rd6+ Kg5 49. Kh3 Ra1 50. e4 Rh1+ 51. Kg2 Ra1 52. h7 Ra8 53. Kh3 Rh8 54. f4+ Kh5 55. g4# 1-0

[Event "*** MasterClass Titled Tuesday Blitz"]
[Site "Chess.com"]
[Date "2017.12.12"]
[Round "4"]
[White "bascheyaro"]
[Black "Fighterman91"]
[Result "1-0"]
[WhiteElo "2639"]
[BlackElo "2490"]
[TimeControl "180+2"]
[EndTime "13:52:03 PST"]
[Termination "bascheyaro won by resignation"]

1. d4 Nf6 2. c4 g6 3. Nf3 Bg7 4. g3 O-O 5. Bg2 d6 6. O-O c6 7.
b3 a5 8. Nc3 Bf5 9. Bb2 Ne4 10.
Re1 Nxc3 11. Bxc3 Be4 12. a4 Na6 13. Qd2 b6 14. Bf1 c5 15. Ng5 Bb7 16. h4 cxd4 17.
Bxd4 Bxd4 18. Qxd4 Nc5 19. Rab1 f6 20. Nf3 d5 21. Bg2 e5 22. Qc3 d4 23. Qd2 Kg7 24. Qb2 Qc7 25. Rbd1 Rad8 26. Nh2 Bxg2 27. Kxg2 Qc6+ 28.
Kg1 Rd6 29. Rb1 Rfd8 30. Qd2 d3 31. Ng4 Qd7 32. Qh6+ Kg8 33. Ne3 d2 34. Red1 Ne4 35. Nd5 Rxd5 36. cxd5 Qxd5 37. Qe3 Rd6 38. Kh2 Qd4 39.
Qxd4 Rxd4 40. Rb2 Nxf2 41. Rdxd2 Rb4 42. Rd7 Ne4 43. Rc2 Nc5 44. Rd6 Rxb3 45. Rxf6 Kg7 46. Rc6 h5 47. Rd2 Kh6 48. Rdd6 Ne4 49. Rxg6+ Kh7 50.
Rge6 Rxg3 51. Rxe5 Rg4 52. Re7+ Rg7 53. Rxe4 Rg6 54.
Rxg6 1-0

[Event "*** MasterClass Titled Tuesday Blitz"]
[Site "Chess.com"]
[Date "2017.12.12"]
[Round "4"]
[White "champ1000"]
[Black "Alliswell998"]
[Result "1-0"]
[WhiteElo "2257"]
[BlackElo "2338"]
[TimeControl "180+2"]
[EndTime "13:52:06 PST"]
[Termination "champ1000 won on time"]

1. e4 c5 2. Nf3 d6 3. d4 cxd4 4. Nxd4 Nf6 5. Nc3 a6 6. Bg5 e6 7. f4 Be7 8. Qf3 h6 9. Bh4 Nbd7 10. O-O-O Qc7 11. f5 Ne5 12. Qh3 O-O 13. fxe6 fxe6 14. Kb1 Bd7 15. Nxe6 Qc8 16. Nd5 Bd8 17. Ndf4 g5 18.
Bxg5 hxg5 19. Qh6 Bxe6 20. Qxg5+ Kf7 21. Rxd6 Bc7 22. Rxe6 Qxe6 23. Nxe6 Kxe6 24. g3 Ke7 25. Bh3 Rad8 26. Rf1 Nd7 27. Bxd7 Rxd7 28. e5 Rf7 29. exf6+ Kd6 30. Rd1+ Kc6 31. Rxd7 Rxd7 32. a3 Bd6 33. h4 Rf7 34. Qg6 Rf8 35. g4 Kd7 36. g5 Ke6 37. h5 Be5 38. h6 Bf4 39.
Qg7 Rf7 40. Qg8 1-0

[Event "*** MasterClass Titled Tuesday Blitz"]
[Site "Chess.com"]
[Date "2017.12.12"]
[Round "4"]
[White "Jbd735"]
[Black "toad"]
[Result "0-1"]
[WhiteElo "2245"]
[BlackElo "2197"]
[TimeControl "180+2"]
[EndTime "13:52:10 PST"]
[Termination "toad won by resignation"]

1. d4 Nf6 2. Nf3 g6 3. c3 Bg7 4. Nbd2 d5 5. e3 O-O 6. Bd3 b6 7. Qe2 c5 8. O-O Bb7 9. e4 dxe4 10. Nxe4 Nxe4 11. Bxe4 Bxe4 12. Qxe4 Nd7 13. Bf4 Nf6 14.
Qb7 Qd7 15. Qxd7 Nxd7 16. d5 b5 17. Rfe1 Rfe8 18. Rad1 Nb6 19. Ne5 Bxe5 20. Bxe5 Rad8 21. Bc7 Rxd5 22. Bxb6 Rxd1 23. Rxd1 axb6 24. Rd7 Ra8 25. g3 Rxa2 26. b4 Rc2 27. Rb7 Rxc3 28. Rxb6 cxb4 29.
Rxb5 b3 30. Rb7 e6 31. h4 h5 32. Kg2 Kg7 33. Kf1 e5 34. Rb5 Kf6 35. Rb4 Ke6 36. Kg2 Kd5 37. Rb7 f5 38. Rb6 Kc4 39. Rb7 Kd3 40. Rb6 Kc2 41. Kf1 b2 0-1

[Event "*** MasterClass Titled Tuesday Blitz"]
[Site "Chess.com"]
[Date "2017.12.12"]
[Round "4"]
[White "ST-Sandavagur"]
[Black "Yaacovn"]
[Result "0-1"]
[WhiteElo "2487"]
[BlackElo "2642"]
[TimeControl "180+2"]
[EndTime "13:52:15 PST"]
[Termination "Yaacovn won by resignation"]

1. e4 c6 2. d4 d5 3. f3 dxe4 4. fxe4 e5 5. Nf3 Be6 6. c3 Nf6 7. Bd3 Nbd7 8. O-O Qc7 9. Bg5 Be7 10. Kh1 h6 11. Bh4 O-O-O 12. Qa4 Nc5 13. dxc5 Rxd3 14. Bg3 Nd7 15. Qxa7 f6 16. b4 b6 17. Qxc7+ Kxc7 18. Nd4 Bc4 19. Na3 Rxc3 20. Nxc4 Rxc4 21. Ne6+ Kc8 22.
Nxg7 Rxb4 23. cxb6 Nxb6 24. Nf5 Bf8 25. Rac1 c5 26.
Ne3 Rxe4 27. Nd1 Be7 28. Nc3 Rc4 29. Bf2 Kb7 30. Nb5 Ra8 31. Rb1 Rb4 32. Rxb4 cxb4 33. Rc1 Nd5 34. h3 Rxa2 35. Bc5 Bxc5 36. Rxc5 Rd2 37.
Nd6+ Kb6 38. Rc1 Ne3 39. Re1 Rxd6 40. Rxe3 Kb5 0-1

[Event "*** MasterClass Titled Tuesday Blitz"]
[Site "Chess.com"]
[Date "2017.12.12"]
[Round "4"]
[White "filali-oujda"]
[Black "xamax2000"]
[Result "1-0"]
[WhiteElo "2360"]
[BlackElo "2243"]
[TimeControl "180+2"]
[EndTime "13:52:24 PST"]
[Termination "filali-oujda won by resignation"]

1. e4 e5 2. Nf3 Nc6 3. Bc4 Nf6 4. d4 exd4 5. Ng5 d5 6. exd5 Qe7+ 7. Be2 Nxd5 8. O-O h6 9. Nf3 Be6 10. Nxd4 Nxd4 11.
Qxd4 Qc5 12. Qa4+ c6 13. Nd2 Qb6 14. Nc4 Qc7 15. Ne3 Nf4 16. Bf3 Bd6 17. Bd2 O-O 18. Bc3 Rfe8 19. Rad1 b5 20. Qd4 Bf8 21. Qe5 Qxe5 22.
Bxe5 Nd5 23. Nxd5 Bxd5 24. Bxd5 Rxe5 25. Bxc6 Rc8 26. Rd5 Rxd5 27. Bxd5 Rxc2 28. g3 Bc5 29. b4 Bxb4 30. Rb1 Bc5 31. Rxb5 Bxf2+ 32. Kg2 Bb6+ 33.
Kh3 Kf8 34. Rb3 Bg1 35. Rb8+ Ke7 36. Rb7+ Kd6 37. Bxf7 Rxh2+ 38. Kg4 h5+ 39. Kf5 Rf2+ 40. Kg5 Rg2 41. Rb3 Bf2 42. Kf4 h4 43. Rd3+ Kc5 44. gxh4 Bxh4 45. Bd5 Bf6 46. Bxg2 1-0

[Event "*** MasterClass Titled Tuesday Blitz"]
[Site "Chess.com"]
[Date "2017.12.12"]
[Round "4"]
[White "MITerryble"]
[Black "1stSecond"]
[Result "1-0"]
[WhiteElo "2656"]
[BlackElo "2480"]
[TimeControl "180+2"]
[EndTime "13:52:26 PST"]
[Termination "MITerryble won by resignation"]

1. d4 Nf6 2. Nf3 e6 3. c4 b6 4. g3 Bb7 5. Bg2 Bb4+ 6. Nbd2 O-O 7. O-O d5 8. Qc2 Re8 9. a3 Bd6 10. Ne5 c5 11. e3 cxd4 12. exd4 Nc6 13. Nxc6 Bxc6 14. b4 Rc8 15. c5 bxc5 16. dxc5 Bf8 17.
Bb2 e5 18. Rfe1 Qc7 19. Qf5 d4 20. Bxc6 Qxc6 21. Rxe5 g6 22. Qf4 Nh5 23. Rxh5 gxh5 24.
Qxd4 f6 25. Qxf6 Qxf6 26. Bxf6 Kf7 27. Bg5 Re2 28. Kf1 Rce8 29. Rd1 Bg7 30. Be3 R8xe3 31. fxe3 Rxh2 32. c6 Be5 33. Nc4 Bxg3 34. c7 Rh1+ 35. Kg2 Rxd1 36. c8=Q h4 37. Qf5+ Ke7 38. Qe4+ Kf8 39. Qf5+ Ke7 40. Qxh7+ Ke6 41. Qg6+ Ke7 42.
e4 Re1 43. Ne3 Re2+ 44. Kh3 Rh2+ 45. Kg4 Bf2 46. Nd5+ Kd7 47. Qf7+ Kc6 48. Qc7+ Kb5 49. Qxh2 Bg3 50. Qe2+ Ka4 51. Qc4 h3 52. b5+ Ka5 1-0

[Event "*** MasterClass Titled Tuesday Blitz"]
[Site "Chess.com"]
[Date "2017.12.12"]
[Round "4"]
[White "chess2matters"]
[Black "jposthuma"]
[Result "0-1"]
[WhiteElo "2313"]
[BlackElo "2326"]
[TimeControl "180+2"]
[EndTime "13:52:36 PST"]
[Termination "jposthuma won on time"]

1. d4 Nf6 2. Nf3 c5 3. e3 g6 4. Be2 Bg7 5. O-O O-O 6. b3 b6 7. Bb2 Bb7 8. c4 cxd4 9. Bxd4 d6 10. Nbd2 Nc6 11. Bb2 a5 12. a3 Nd7 13. Bxg7 Kxg7 14. Qc2 f6 15. Qc3 Nce5 16. b4 axb4 17. axb4 Qc7 18. Nd4 Kf7 19. Qb3 Rfc8 20. c5+ d5 21. c6 Bxc6 22. Rxa8 Bxa8 23. Ba6 Bb7 24. Bxb7 Qxb7 25. f4 Nc4 26. N2f3 b5 27. h4 Nf8 28. h5 Kg7 29. hxg6 hxg6 30. Re1 e5 31. fxe5 fxe5 32.
Ne2 Qb6 33. Ng3 Ne6 34. Nf1 Ra8 35. Qd1 e4 36. Nh4 Rd8 37. Qg4 Ne5 38. Qg3 Qc7 39.
Ra1 Rf8 40. Ra5 Qc3 41. Rxb5 Rxf1+ 42. Kh2 Qa1 43. Rb7+ Kh6 44. Nf5+ Rxf5 0-1

[Event "*** MasterClass Titled Tuesday Blitz"]
[Site "Chess.com"]
[Date "2017.12.12"]
[Round "4"]
[White "Aygehovit1992"]
[Black "JSMastropiero"]
[Result "0-1"]
[WhiteElo "2434"]
[BlackElo "2319"]
[TimeControl "180+2"]
[EndTime "13:52:42 PST"]
[Termination "JSMastropiero won by checkmate"]

1. c3 d5 2. Nf3 Nf6 3. d4 e6 4.
Bf4 Bd6 5. e3 c5 6. Nbd2 Nc6 7.
Bb5 Bxf4 8. exf4 Bd7 9. Bxc6 Bxc6 10. O-O Qd6 11. Ne5 O-O 12. dxc5 Qxc5 13. Nb3 Qd6 14. Nd4 Nd7 15. Nxd7 Bxd7 16. Qd2 Rfc8 17. Rfe1 b5 18. a3 a5 19. h4 Rc4 20. h5 h6 21. Re3 Qxf4 22. Rae1 b4 23. axb4 axb4 24. Nf3 bxc3 25. bxc3 Rac8 26. Ne5 R4c7 27. Qb2 Be8 28. Rg3 f6 29. Nd3 Qd6 30. Qd2 Kh8 31. Nf4 Bf7 32.
Ree3 Qxf4 33. Rgf3 Qd6 34. Rd3 e5 35. Rg3 e4 36.
Rd4 Qe5 37. f4 exf3 38. Rxf3 Bxh5 39. Rxd5 Bxf3 40. Rxe5 fxe5 41. gxf3 Rxc3 42. Qd6 Rxf3 43. Qxe5 Rcf8 44. Qe7 Rg3+ 45. Kh2 Rg5 46. Qe4 Rf6 47. Qe8+ Kh7 48. Qe4+ Rfg6 49. Qf3 h5 50. Qe4 Kh6 51.
Qe8 Kh7 52. Qe4 Rg4 53. Qe1 h4 54. Qe5 Kh6 55. Qe8 Rg2+ 56. Kh3 R2g3+ 57. Kh2 Rg2+ 58.
Kh3 R6g3+ 59. Kxh4 g5# 0-1

[Event "*** MasterClass Titled Tuesday Blitz"]
[Site "Chess.com"]
[Date "2017.12.12"]
[Round "4"]
[White "Big_Fishy"]
[Black "chidori_boruto"]
[Result "0-1"]
[WhiteElo "2351"]
[BlackElo "2524"]
[TimeControl "180+2"]
[EndTime "13:52:46 PST"]
[Termination "chidori_boruto won by resignation"]

1. e4 e5 2. Nf3 Nc6 3. c3 d5 4. Qa4 Bd7 5. exd5 Nd4 6. Qd1 Nxf3+ 7. Qxf3 Nf6 8. Bc4 Bd6 9. d3 b5 10. Bb3 Bg4 11. Qe3 O-O 12. h3 Bf5 13. Nd2 Re8 14. O-O h6 15. Ne4 a5 16. Qf3 Bxe4 17. dxe4 Bc5 18. a4 b4 19. Be3 Qd6 20. Bc4 Rab8 21. Bb5 Rf8 22. Rac1 bxc3 23. Rxc3 Bxe3 24. Qxe3 Qb4 25.
Rc4 Qxb2 26. Rfc1 Rb7 27. Rxc7 Rxc7 28. Rxc7 Qb1+ 29. Rc1 Qxe4 30. d6 Qd5 31. Qc5 Qd2 32. Qc7 Ne4 33. Rc2 Qd1+ 34. Kh2 Nxd6 35. Rc1 Qd4 36.
Qc2 Nxb5 37. axb5 Rb8 38. Qc5 Qxc5 39. Rxc5 f6 40. Kg3 Kf7 41. Kf3 Ke6 42. Rc6+ Kd5 43. Rc7 Rxb5 44. Rxg7 Kc4 45. Rg6 Rb6 46. Rxh6 a4 47.
Rh4+ Kb3 48. Ke3 a3 49. Rh8 Ra6 50. Kd3 a2 51. Rb8+ Ka3 52. Kc2 a1=Q 53. Rb3+ Ka4 54. Rf3 Rc6+ 0-1

[Event "*** MasterClass Titled Tuesday Blitz"]
[Site "Chess.com"]
[Date "2017.12.12"]
[Round "4"]
[White "pedromartinez91"]
[Black "GM-2023"]
[Result "1-0"]
[WhiteElo "2197"]
[BlackElo "2043"]
[TimeControl "180+2"]
[EndTime "13:52:48 PST"]
[Termination "pedromartinez91 won on time"]

1. e4 e5 2. Nf3 Nc6 3. Bb5 a6 4.
Ba4 Nf6 5. Bxc6 dxc6 6. d3 Bd6 7.
Nbd2 Bg4 8. h3 Bh5 9. g4 Bg6 10.
Nc4 Qe7 11. Bg5 h5 12. Nh4 hxg4 13. hxg4 Qe6 14. f3 Be7 15. Qd2 O-O-O 16. O-O-O Bh7 17. Qe3 Kb8 18. Nf5 Bxf5 19. exf5 Qd5 20. Rxh8 Rxh8 21.
Qxe5 Qd7 22. Qg3 Nd5 23. Bd2 Bf6 24. c3 Re8 25. Re1 Rd8 26. d4 b5 27. Ne5 Qd6 28.
g5 Be7 29. Bf4 Nxf4 30. Qxf4 b4 31. Nd3 Qd5 32. Rxe7 Rc8 33. Nxb4 Qb5 34. Qe5 Qf1+ 35. Kc2 Kb7 36. Qc5 Qb5 37. Qxb5+ axb5 38. Rxf7 Re8 39. Kd2 Re2+ 40. Kxe2 1-0

[Event "*** MasterClass Titled Tuesday Blitz"]
[Site "Chess.com"]
[Date "2017.12.12"]
[Round "4"]
[White "Mykola-Bortnyk"]
[Black "jncool68"]
[Result "1-0"]
[WhiteElo "2679"]
[BlackElo "2469"]
[TimeControl "180+2"]
[EndTime "13:53:11 PST"]
[Termination "Mykola-Bortnyk won on time"]

1. e4 c5 2. b3 g6 3. Bb2 Nf6 4. Qf3 Bg7 5. e5 Ng8 6. h4 d5 7. h5 Nc6 8. Qg3 d4 9. Bb5 Bf5 10. Nf3 Bxc2 11. Na3 Be4 12. Rc1 a6 13. Bxc6+ Bxc6 14. Rxc5 Nh6 15. Nxd4 Rc8 16. hxg6 hxg6 17. Nxc6 Rxc6 18.
Rxc6 bxc6 19. Nc4 Qd5 20. Kd1 Qe4 21. d3 Qf5 22. e6 O-O 23. Bxg7 Kxg7 24. Qe5+ Qxe5 25.
Nxe5 fxe6 26. Ke2 Nf5 27. Rc1 Nd4+ 28. Ke1 Rh8 29. Rc4 c5 30. Rxc5 Rh1+ 31. Kd2 Rf1 32. Ke3 Nf5+ 33. Ke2 Ra1 34. Ra5 Nd4+ 35. Ke3 Nxb3 36.
Rxa6 Re1+ 37. Kf4 Nd4 38. Nf3 e5+ 39. Kg4 Re2 40. Kg3 Nf5+ 41. Kh3 Rxf2 42. Nxe5 g5 43. Rg6+ Kh7 44. Rxg5 Ne3 45. a4 Ra2 46. Rg3 Nd5 47. Rg4 Re2 48. Nf3 Re3 49. Rd4 Nf6 50. a5 Re2 51. Ra4 Nd7 52. a6 Nb6 53. a7 Re3 54.
Rb4 Na8 55. Rb8 Nc7 56. Rc8 1-0

[Event "*** MasterClass Titled Tuesday Blitz"]
[Site "Chess.com"]
[Date "2017.12.12"]
[Round "4"]
[White "FMJoseHerrera"]
[Black "Sam_ChessMood"]
[Result "0-1"]
[WhiteElo "2435"]
[BlackElo "2617"]
[TimeControl "180+2"]
[EndTime "13:53:15 PST"]
[Termination "Sam_ChessMood won by resignation"]

1. Nf3 d5 2. g3 Bg4 3. Bg2 Nd7 4.
O-O c6 5. d3 e5 6. c4 dxc4 7.
dxc4 Ngf6 8. Nc3 Be7 9. Qc2 O-O 10. b3 Qc7 11. Bb2 Rfe8 12. Rad1 h6 13. Nh4 Bf8 14. Nf5 Bh5 15. Nh4 Bg4 16. Nf5 g6 17. Ne3 Be6 18. h3 Rad8 19. Qb1 a5 20. Qa1 Bg7 21. Rc1 Qb8 22. Rfd1 h5 23. a4 Nc5 24. Qa2 Na6 25.
Qa1 Nb4 26. Na2 Nd7 27. Nxb4 axb4 28. c5 Bxb3 29. Rd6 Bf8 30. Rcd1 Bxd1 31. Rxd1 Nxc5 32.
Re1 Nb3 33. Qb1 Nd4 34. Nc4 b5 35. axb5 Qxb5 36. Ne3 Nxe2+ 37. Kh2 Nc3 38. Qc2 Qd3 39. Qb3 Qd2 40. Rf1 Qd6 41. Bxc3 bxc3 42. Qxc3 c5 43. Bd5 Bh6 44. Qc4 Qf6 45. Ng2 e4 46. Qa2 Re5 47.
Bc4 Kg7 48. Ne3 Bxe3 49. fxe3 Rf5 50. Rxf5 Qxf5 51. Qe2 Qe5 52. Kg2 Rd6 53. Ba2 Rf6 54. Qc4 Rf3 55. Qe2 Qxg3+ 56. Kh1 Qxh3+ 57. Kg1 Qg3+ 58.
Qg2 Qe1+ 59. Kh2 Rf2 0-1

[Event "*** MasterClass Titled Tuesday Blitz"]
[Site "Chess.com"]
[Date "2017.12.12"]
[Round "4"]
[White "GMBenjaminBok"]
[Black "Salem-AR"]
[Result "1/2-1/2"]
[WhiteElo "2607"]
[BlackElo "2824"]
[TimeControl "180+2"]
[EndTime "13:53:22 PST"]
[Termination "Game drawn by stalemate"]

1. Nf3 c5 2. c4 Nf6 3. Nc3 d5 4. cxd5 Nxd5 5. e3 e6 6. Nxd5 exd5 7. b4 c4 8. Bb2 Bxb4 9. Bxg7 Rg8 10. Bb2 Nc6 11.
Qc2 Rg6 12. g3 Qe7 13. Bg2 Bg4 14. Nh4 O-O-O 15. Nxg6 hxg6 16. O-O Bf5 17. e4 Bxe4 18. Bxe4 Qxe4 19. Qxe4 dxe4 20. Bc3 Bc5 21. a4 Rd3 22. Kg2 Rf3 23. Rae1 f5 24. Re2 b6 25. h4 a6 26.
h5 gxh5 27. Rh1 b5 28. axb5 axb5 29. Rxh5 b4 30. Bh8 b3 31. g4 Bd4 32. Bxd4 Nxd4 33.
Re1 Nc2 34. Rb1 fxg4 35. Rc5+ Kd7 36. Rxc4 Na3 37. Rd4+ Ke6 38. Rb2 Nc2 39. Rxe4+ Kf5 40. Re3 Nd4 41. d3 Rf4 42. Re8 Kg5 43. Rd8 Kg6 44.
Rd5 Kf6 45. Kg3 Rf3+ 46. Kxg4 Rxd3 47. f4 Ke6 48. Rd8 Rd1 49. Rxd4 Rxd4 50. Rxb3 Kf7 51. Kg5 Rd5+ 52. f5 Rd6 53. Rb7+ Kf8 54. Rh7 Ra6 55. Rh6 Rxh6 56. Kxh6 Kf7 57. Kg5 Kg7 58. f6+ Kf7 59. Kf5 Kf8 60. Kg6 Kg8 61. f7+ Kf8 62. Kf6 1/2-1/2

[Event "*** MasterClass Titled Tuesday Blitz"]
[Site "Chess.com"]
[Date "2017.12.12"]
[Round "4"]
[White "ChainsOfFantasia"]
[Black "Noukii"]
[Result "0-1"]
[WhiteElo "2479"]
[BlackElo "2609"]
[TimeControl "180+2"]
[EndTime "13:53:29 PST"]
[Termination "Noukii won by resignation"]

1. d4 d5 2. Nf3 Nf6 3. c4 c6 4. Nc3 a6 5. c5 Nbd7 6. Bf4 Nh5 7. Bd2 Nhf6 8. Rc1 g6 9. g3 Bg7 10. Bg2 O-O 11. O-O Ne8 12. Bf4 Nc7 13. e4 dxe4 14. Nxe4 Nf6 15. Qe2 Be6 16. b3 Bd5 17. Nc3 Bxf3 18.
Bxf3 Ne6 19. Rcd1 Nxf4 20. gxf4 e6 21. Qe3 Re8 22. Kh1 Qc7 23. Ne2 Rad8 24. Rg1 Nd5 25. Qe4 f5 26. Qd3 Nxf4 27. Qe3 Nd5 28. Qg5 Bf6 29. Qg2 Rd7 30. Rd2 Nf4 31. Qf1 Nxe2 32. Qxe2 Rxd4 33. Rgd1 Qf4 34. Bg2 Kg7 35. Rxd4 Bxd4 36. Qc4 e5 37. Qb4 Re7 38. Qb6 Qxf2 39. Qd8 Rf7 40. b4 Qe2 41. Rf1 Qd2 42. a3 Qd3 43.
Re1 Qxa3 44. Qg5 Qxb4 45. Rf1 Qxc5 46. h4 Qe7 47. Qg3 h5 48. Bh3 f4 49. Qe1 e4 50.
Bg2 f3 51. Bh3 Qe5 52. Qb4 c5 53. Qb6 e3 54. Rg1 Qf6 55. Be6 Re7 56. Qd6 Qxh4+ 57.
Qh2 Qxh2+ 58. Kxh2 Rxe6 0-1